 Dungeon Crawl Stone Soup version 0.25.1-2-g60ff931df9 (webtiles) character file.

Game seed: 6512320027266304121

808 Artemis the Zephyrmancer (level 7, -2/36 HPs)
             Began as a Tengu Air Elementalist on Sept 9, 2020.
             Slain by a sky beast (4 damage)
             ... on level 5 of the Dungeon.
             The game lasted 00:24:53 (5656 turns).

Artemis the Zephyrmancer (Tengu Air Elementalist)   Turns: 5656, Time: 00:24:53

Health: -2/36      AC:  2    Str:  8    XL:     7   Next: 92%
Magic:  14/14      EV: 15    Int: 17    God:
Gold:   295        SH:  0    Dex: 15    Spells: 4/14 levels left

rFire    x . .     SeeInvis .   o - +2 dagger (vamp)
rCold    + . .     Gourm    .   (no shield)
rNeg     . . .     Faith    .   a - +0 robe
rPois    .         Spirit   .   (helmet restricted)
rElec    .         Reflect  .   (no cloak)
rCorr    .         Harm     .   (no gloves)
MR       .....                  (boots unavailable)
Stlth    ++........             (no amulet)
HPRegen  0.12/turn              v - ring of ice
MPRegen  0.14/turn              (no ring)

@: flying quickly and evasively, hasted, very quick
A: beak, talons 3, able to fly
a: Stop Flying


You were on level 5 of the Dungeon.
You were not hungry.

You visited 1 branch of the dungeon, and saw 5 of its levels.

You collected 295 gold pieces.

Inventory:

Hand Weapons
 b - a +0 whip
 l - a +1 dagger
 o - a +2 vampiric dagger (weapon)
Missiles
 d - 154 stones (quivered)
 g - 97 arrows
 i - 22 poisoned darts
 n - 39 bolts
 w - 4 boomerangs
 G - 6 curare-tipped darts
Armour
 a - a +0 robe (worn)
 h - a +0 buckler
 s - a +0 kite shield
 B - a +1 robe of magic resistance
Jewellery
 v - a ring of ice (left hand)
Wands
 m - a wand of random effects (8)
 p - a wand of polymorph (5)
 x - a wand of digging (5)
Scrolls
 e - 7 scrolls of identify
 k - 2 scrolls of teleportation
 y - a scroll of immolation {unknown}
 C - a scroll of magic mapping
Potions
 f - a potion of cancellation {unknown}
 j - a potion of mutation
 q - a potion of curing {unknown}
 r - a potion of might {unknown}
 t - a potion of berserk rage {unknown}
 u - 2 potions of haste
 z - a potion of brilliance {unknown}
 A - a potion of stabbing {unknown}
 E - a potion of magic {unknown}
 F - a potion of invisibility {unknown}
Comestibles
 c - 12 rations
 D - a chunk of flesh


   Skills:
 + Level 1.6 Short Blades
 - Level 2.1 Dodging
 - Level 2.1 Stealth
 + Level 4.2 Spellcasting
 + Level 5.2 Conjurations
 * Level 8.9 Air Magic


You had 4 spell levels left.
You knew the following spells:

 Your Spells              Type           Power        Failure   Level  Hunger
a - Shock                 Conj/Air       ####         1%          1    None
b - Swiftness             Chrm/Air       ###.....     3%          2    ##.....
c - Static Discharge      Conj/Air       ####....     2%          3    ###....
d - Airstrike             Air            ####......   4%          4    ####...

Your spell library contained the following spells:

 Spells                   Type           Power        Failure   Level  Hunger
 Beastly Appendage        Tmut           #.....       16%         1    None
 Sticks to Snakes         Tmut           #.......     24%         2    ##.....
 Spider Form              Tmut/Pois      #.........   43%         3    ###....
 Ice Form                 Ice/Tmut       #.......     83%         4    ####...
 Lightning Bolt           Conj/Air       ####......   24%         5    ######.
 Blade Hands              Tmut           #.........   99%         5    ######.


Dungeon Overview and Level Annotations

Branches:
Dungeon (5/15)
 Temple: D:4-7

Altars:
Ashenzari
Dithmenos
Okawaru
Yredelemnul
The Shining One

Shops:
D:4 %


Innate Abilities, Weirdness & Mutations

You have a beak for a mouth.
You have claws for feet.
You can fly continuously.


Message History

The sky beast is lightly wounded.
The sky beast flickers out of sight!
Deactivating autopickup; reactivate with Ctrl-A.
Something hits you. Something shocks you.
You miss something. Something barely misses you.
You barely miss something. You claw something. You peck something.
Something hits you. Something shocks you.
* * * LOW HITPOINT WARNING * * *
You hit something but do no damage. Something hits you.
* * * LOW HITPOINT WARNING * * *
Something shocks you.
* * * LOW HITPOINT WARNING * * *
A sky beast appears from thin air!
Reactivating autopickup.
You see here a +0 spear.
It was a potion of haste.
You feel yourself speed up.
The sky beast flickers out of sight!
Deactivating autopickup; reactivate with Ctrl-A.
Something hits you.
You die...

#...# ##...#.....#...........#..
#...# #....##...............>...
#...# ##........#............#..
....# #..#..#...#............##÷
.........########................
.....#....#...≈)≈................
...#.#....#.8.≈≈≈................
...#.#....#8_8...................
..##....{.#.8.≈≈@................
..#.......#...≈)≈.............#..
..........#######.............###
..............................
.........#............#.#...##
........###.............#..##.
......##.##.......##...........
.....##..........####.##..##...
.......................##..#...


There were no monsters in sight!

Vanquished Creatures
  3 ogres (D:4)
  A necrophage (D:5)
  A scorpion (D:5)
  A jelly (D:5)
  2 hounds (D:5)
  2 orc wizards
  Jessica (D:2)
  Ijyb (D:4)
  Terence (D:2)
  A howler monkey zombie (D:5)
  3 gnolls (D:2)
  A howler monkey skeleton (D:4)
  7 adders
  A worm (D:3)
  3 dart slugs
  2 leopard geckos (D:1)
  10 orcs
  6 giant cockroaches
  12 goblins
  5 hobgoblins
  10 jackals
  11 kobolds
  A quokka (D:2)
  5 bats
  5 frilled lizards
  A leopard gecko zombie (D:5)
  8 rats
105 creatures vanquished.

Notes
Turn   | Place    | Note
-------+----------+-------------------------------------------
     0 | D:1      | Artemis the Tengu Air Elementalist began the quest for the
                  | Orb.
     0 | D:1      | Reached XP level 1. HP: 10/10 MP: 4/4
   231 | D:1      | Reached XP level 2. HP: 15/15 MP: 1/6
   513 | D:1      | Reached skill level 5 in Air Magic
   600 | D:1      | Reached XP level 3. HP: 19/19 MP: 2/7
  1405 | D:2      | Reached XP level 4. HP: 11/24 MP: 2/8
  1427 | D:2      | Reached skill level 6 in Air Magic
  1983 | D:2      | Noticed Jessica
  2007 | D:2      | Killed Jessica
  2144 | D:2      | Noticed Terence
  2154 | D:2      | Killed Terence
  2154 | D:2      | Gained mutation: You can fly continuously. [Tengu growth]
  2154 | D:2      | Reached XP level 5. HP: 16/28 MP: 4/9
  2470 | D:3      | Found a faded altar of an unknown god.
  2470 | D:3      | Found a faded altar of an unknown god.
  2478 | D:3      | Found a shattered altar of Ashenzari.
  2482 | D:3      | Found a shadowy altar of Dithmenos.
  2484 | D:3      | Found a glowing golden altar of the Shining One.
  2633 | D:3      | Found a basalt altar of Yredelemnul.
  3131 | D:3      | Reached skill level 7 in Air Magic
  3279 | D:3      | Reached XP level 6. HP: 32/32 MP: 11/11
  3755 | D:4      | Reached skill level 1 in Short Blades
  4012 | D:4      | Noticed Ijyb
  4020 | D:4      | Killed Ijyb
  4126 | D:4      | Reached XP level 7. HP: 36/36 MP: 6/13
  4215 | D:3      | Learned a level 2 spell: Swiftness
  4219 | D:3      | Learned a level 3 spell: Static Discharge
  4224 | D:3      | Learned a level 4 spell: Airstrike
  4403 | D:4      | Found Ithokem's Food Boutique.
  4407 | D:4      | Reached skill level 8 in Air Magic
  5119 | D:5      | Entered Level 5 of the Dungeon
  5260 | D:5      | Found an iron altar of Okawaru.
  5311 | D:5      | Reached skill level 5 in Conjurations
  5656 | D:5      | Slain by a sky beast

Illustrated notes

Levels and vault maps discovered:
D:1:      psy_arrival_fountain, layout_loops_ring
D:2:      layout_loops_corners, serial_bayou_pond_d, uniq_terence, uniq_jessica
D:3:      layout_basic, chequers_temple_overflow_minitemple, first_ration,
          yredelemnul_altar_generic
D:4:      layout_loops_ring, serial_shops, shop, guppyfry_early_lair_pool,
          uniq_ijyb
D:5:      layout_cave_pools, kennysheep_okawaru_gauntlet

Skill      XL: |  1  2  3  4  5  6  7 |
---------------+----------------------+-----
Air Magic      | 5 6 7 8 |  8.9
Conjurations   | 2 3 4 5 |  5.2
Spellcasting   | 3 4 |  4.2
Short Blades   | 1 |  1.6
Dodging        | |  2.1
Stealth        | |  2.1

Action                   |  1- 3 |  4- 6 |  7- 9 || total
-------------------------+-------+-------+-------++-------
Melee: Whip              |     7 |       |       ||     7
       Dagger            |     4 |    53 |    14 ||    71
       Kick              |     2 |    15 |     4 ||    21
       Peck              |     1 |     6 |     2 ||     9
       Unarmed           |       |     2 |       ||     2
 Cast: Shock             |    55 |    84 |    52 ||   191
       Static Discharge  |       |       |     5 ||     5
 Abil: Fly               |       |       |     1 ||     1
  Use: Scroll            |     5 |     1 |       ||     6
       Potion            |       |       |     1 ||     1
 Stab: Sleeping          |     1 |     4 |     1 ||     6
       Distracted        |       |     1 |       ||     1
  Eat: Chunk             |     2 |     9 |     2 ||    13
       Ration            |       |       |     1 ||     1
Armor: Robe              |     2 |    15 |     1 ||    18
Dodge: Dodged            |    26 |    51 |    14 ||    91
